 Dungeon Sprint DCSS version 0.31-a0-18-gea43df2a32 (webtiles) character file.

Game seed: 240513739068188605

12 zazu2006 the Skirmisher (level 5, -1/46 HPs)
             Began as a Gnoll Hunter on May 10, 2023.
             Was a Believer of Vehumet.
             Slain by a killer bee (8 damage)
             ... in the Dungeon (Sprint VI: "Thunderdome").
             The game lasted 00:02:15 (213 turns).

zazu2006 the Skirmisher (Gnoll Hunter)               Turns: 213, Time: 00:02:15

Health: -1/46      AC:  3    Str: 13    XL:     5   Next: 4%
Magic:  3/9        EV: 14    Int:  8    God:    Vehumet [**....]
Gold:   220        SH:  0    Dex: 15    Spells: 9/10 levels left

rFire   . . .        a - +0 shortbow
rCold   . . .        (shield currently unavailable)
rNeg    . . .        c - +0 leather armour
rPois   .            (no helmet)
rElec   .            (no cloak)
rCorr   .            (no gloves)
SInv    .            (no boots)
Will    .....        (no amulet)
Stlth   ++           (no ring)
HPRegen 0.27/turn    (no ring)
MPRegen 0.11/turn

%: no teleportation
@: no status effects
A: fangs 1, strong nose, distributed training
a: Renounce Religion


You were in the Dungeon.
You worshipped Vehumet.
Vehumet was pleased with you.
You visited 1 branch You collected 220 gold pieces.

Inventory:

Hand Weapons
 a - a +0 shortbow (weapon)
Armour
 c - a +0 leather armour (worn)
Wands
 k - a wand of quicksilver (4)
 l - a wand of roots (5)
Scrolls
 b - a scroll of immolation
 i - 4 scrolls of blinking
 m - 3 scrolls of fog
Potions
 d - a potion of curing
 e - 4 potions of heal wounds
 f - 4 potions of haste
 g - 2 potions of magic
 h - a potion of berserk rage
 j - a potion of resistance


   Skills:
 + Level 5.7 Fighting
 + Level 3.2 Short Blades
 + Level 3.2 Long Blades
 + Level 3.2 Axes
 + Level 3.2 Maces & Flails
 + Level 3.2 Polearms
 + Level 3.2 Staves
 + Level 9.2 Ranged Weapons
 + Level 3.2 Throwing
 + Level 3.2 Armour
 + Level 5.7 Dodging
 + Level 4.1 Stealth
 + Level 3.2 Shields
 + Level 3.2 Unarmed Combat
 + Level 3.2 Spellcasting
 + Level 2.6 Conjurations
 + Level 2.6 Hexes
 + Level 2.6 Summonings
 + Level 2.6 Necromancy
 + Level 2.6 Translocations
 + Level 2.6 Transmutations
 + Level 2.6 Fire Magic
 + Level 2.6 Ice Magic
 + Level 2.6 Air Magic
 + Level 2.6 Earth Magic
 + Level 2.6 Poison Magic
 + Level 3.6 Invocations
 + Level 3.2 Evocations


You had 9 spell levels left.
You knew the following spells:

 Your Spells              Type           Power      Damage    Failure   Level
a - Sandblast             Erth           10%        2d5       14%         1

Your spell library contained the following spells:

 Spells                   Type           Power      Damage    Failure   Level
 Magic Dart               Conj           20%        1d4       14%         1


Dungeon Overview and Level Annotations

Branches:
Dungeon (1/1)

Altars:
Cheibriados
Dithmenos
Fedhas
Gozag
Kikubaaqudgha
Makhleb
Okawaru
Qazlal
Ru
Sif Muna
Trog
Uskayaw
Vehumet
Wu Jian
Xom
Yredelemnul
Zin
The Shining One
Lugonu

Shops:
D *[??*?*:[((!!!!


Innate Abilities, Weirdness & Mutations

You have very sharp teeth.
Your uncanny sense of smell can sniff out nearby items.
Your experience applies equally to all skills.


Message History

Casting: Sandblast (safe; 14% risk of failure)
Confirm with . or Enter, or press ? or * to list all spells.
Aiming: Sandblast (safe; 14% risk of failure)
Press: ? - help, Shift-Dir - straight line, f/p - killer bee
Aim: a killer bee (severely wounded, 61% to hit)
The blast of sand misses the killer bee.
You feel sick. The killer bee stings you.
* * * LOW HITPOINT WARNING * * *
The killer bee completely misses you. The killer bee misses you.
Casting: Sandblast (safe; 14% risk of failure)
Confirm with . or Enter, or press ? or * to list all spells.
Aiming: Sandblast (safe; 14% risk of failure)
Press: ? - help, Shift-Dir - straight line, f/p - killer bee
Aim: a killer bee (severely wounded, 61% to hit)
The blast of sand misses the killer bee.
You feel sick. The killer bee closely misses you.
The killer bee stings you but does no damage.
The killer bee closely misses you.
Unknown command.
Casting: Sandblast (safe; 14% risk of failure)
Confirm with . or Enter, or press ? or * to list all spells.
Aiming: Sandblast (safe; 14% risk of failure)
Press: ? - help, Shift-Dir - straight line, f/p - killer bee
Aim: a killer bee (severely wounded, 61% to hit)
The blast of sand misses the killer bee.
You feel sick. The killer bee misses you. The killer bee closely misses you.
The killer bee barely misses you.
Unknown command.
Unknown command.
Casting: Sandblast (safe; 14% risk of failure)
Confirm with . or Enter, or press ? or * to list all spells.
Aiming: Sandblast (safe; 14% risk of failure)
Press: ? - help, Shift-Dir - straight line, f/p - killer bee
Aim: a killer bee (severely wounded, 61% to hit)
The blast of sand hits the killer bee.
The killer bee is almost dead.
You feel sick.
You are no longer poisoned.
The killer bee closely misses you. The killer bee stings you!
You die...

##∩........8.# #.8........∩###
............†###.............##
..........###...###..........⌠#
..........# #.<.# #..........⌠#
..........###...###..........⌠#
.............###.............##
##∩........8.# #.8........∩###
##∩_._......###......___∩##
######.8.....y@..8.######
#⌠...........⌠# ###.........###
#_......._# #........_#
#_......._# #∩.......∩#
##∩.....∩## ##.....##


You could see a killer bee.

Vanquished Creatures
  2 scorpions (D)
  5 endoplasms (D)
7 creatures vanquished.

Notes
Turn   | Place    | Note
-------+----------+-------------------------------------------
     0 | D        | zazu2006 the Gnoll Hunter began the quest for the Orb.
     0 | D        | Reached XP level 1. HP: 20/20 MP: 1/1
     1 | D        | Found an iron altar of Okawaru.
     1 | D        | Found a corrupted altar of Lugonu.
     2 | D        | Found a glowing silver altar of Zin.
     2 | D        | Found an opulent altar of Gozag.
     3 | D        | Found a radiant altar of Vehumet.
     4 | D        | Found a bloodstained altar of Trog.
     4 | D        | Found a snail-covered altar of Cheibriados.
     4 | D        | Found a hide-covered altar of Uskayaw.
     4 | D        | Found Piwniaw's Staff Store.
     4 | D        | Found Plog's Magic Scroll Shop.
     5 | D        | Found Neleozur's Must-Have Magic.
     5 | D        | Found Orofre's Magic Scroll Shop.
     5 | D        | Round 1.
    12 | D        | Became a worshipper of Vehumet
    16 | D        | Found a shimmering altar of Xom.
    16 | D        | Found a sacrificial altar of Ru.
    20 | D        | Found Cirir's Jewellery.
    20 | D        | Found Weprousch's Advanced Armour.
    20 | D        | Found a blossoming altar of Fedhas.
    20 | D        | Found a burning altar of Makhleb.
    20 | D        | Found Paavauv's Identification Station.
    26 | D        | Found an ancient bone altar of Kikubaaqudgha.
    27 | D        | Found an ornate altar of the Wu Jian Council.
    27 | D        | Found a shadowy altar of Dithmenos.
    27 | D        | Found a shimmering blue altar of Sif Muna.
    27 | D        | Found Ydasiust's Premium Goods.
    27 | D        | Found Luvujay's Weapon Rack.
    28 | D        | Found Sunoat's Miscellaneous Merchandise.
    28 | D        | Found Deh Vah's Basic Armour.
    31 | D        | Found a glowing golden altar of the Shining One.
    32 | D        | Found a basalt altar of Yredelemnul.
    33 | D        | Found a stormy altar of Qazlal.
    34 | D        | Found Etoveig's Do-It-Yourself Clinic.
    34 | D        | Found Nouxzeopn's Distillery.
    35 | D        | Found Wayhiuqazo's Bottled Wisdom.
    35 | D        | Found Isiefur's Distillery.
    74 | D        | Reached * piety under Vehumet
    74 | D        | Offered knowledge of Sandblast by Vehumet.
    75 | D        | Reached skill level 1 in Invocations
    77 | D        | Learned a level 1 spell: Sandblast
    86 | D        | Reached skill level 1 in Short Blades
    86 | D        | Reached skill level 1 in Long Blades
    86 | D        | Reached skill level 1 in Axes
    86 | D        | Reached skill level 1 in Maces & Flails
    86 | D        | Reached skill level 1 in Polearms
    86 | D        | Reached skill level 1 in Staves
    86 | D        | Reached skill level 1 in Throwing
    86 | D        | Reached skill level 1 in Armour
    86 | D        | Reached skill level 1 in Shields
    86 | D        | Reached skill level 1 in Unarmed Combat
    86 | D        | Reached skill level 1 in Spellcasting
    86 | D        | Reached skill level 1 in Evocations
    90 | D        | Arena points: 12 (+12) [x2]
    91 | D        | Reached XP level 2. HP: 26/26 MP: 3/3
   166 | D        | Round 2.
   172 | D        | Noticed a scorpion
   174 | D        | Noticed a scorpion
   183 | D        | Killed a scorpion
   183 | D        | Offered knowledge of Magic Dart by Vehumet.
   183 | D        | Reached ** piety under Vehumet
   184 | D        | Reached skill level 5 in Fighting
   184 | D        | Reached skill level 5 in Dodging
   184 | D        | Reached XP level 3. HP: 23/33 MP: 3/6
   184 | D        | Reached XP level 4. HP: 28/39 MP: 3/7
   185 | D        | Killed a scorpion
   186 | D        | Reached skill level 9 in Ranged Weapons
   186 | D        | Reached XP level 5. HP: 33/46 MP: 5/9
   213 | D        | Slain by a killer bee

Illustrated notes

Levels and vault maps discovered:
D:        arena_sprint

Skill      XL: |  1  2  3  4 |
---------------+-------------+-----
Invocations    | 1 2 3 |  3.6
Short Blades   | 1 2 3 |  3.2
Long Blades    | 1 2 3 |  3.2
Axes           | 1 2 3 |  3.2
Maces & Flails | 1 2 3 |  3.2
Polearms       | 1 2 3 |  3.2
Staves         | 1 2 3 |  3.2
Throwing       | 1 2 3 |  3.2
Armour         | 1 2 3 |  3.2
Shields        | 1 2 3 |  3.2
Unarmed Combat | 1 2 3 |  3.2
Spellcasting   | 1 2 3 |  3.2
Evocations     | 1 2 3 |  3.2
Fighting       | 5 |  5.7
Dodging        | 5 |  5.7
Stealth        | 3 4 |  4.1
Conjurations   | 2 |  2.6
Hexes          | 2 |  2.6
Summonings     | 2 |  2.6
Necromancy     | 2 |  2.6
Translocations | 2 |  2.6
Transmutations | 2 |  2.6
Fire Magic     | 2 |  2.6
Ice Magic      | 2 |  2.6
Air Magic      | 2 |  2.6
Earth Magic    | 2 |  2.6
Poison Magic   | 2 |  2.6
Ranged Weapons | 9 |  9.2

Action                     |  1- 3 |  4- 6 || total
---------------------------+-------+-------++-------
   Fire: Shortbow          |    15 |     7 ||    22
   Cast: Sandblast         |       |     5 ||     5
  Evoke: Wand              |     1 |       ||     1
 Armour: Leather armour    |     1 |     4 ||     5
  Dodge: Dodged            |     1 |    11 ||    12

Table legend: (Time is in decaauts)
 A = Elapsed time spent in this place.
 B = Non-inter-level travel time spent in this place.
 C = Inter-level travel time spent in this place.
 D = Time resting spent in this place.
 E = Time spent auto-exploring this place.
 F = Levels seen in this place.
 G = Mean time per level.
                   A        B        C        D        E       F      G
               +--------+--------+--------+--------+--------+-----+--------+
         Total |    217 |    217 |      0 |      0 |     70 |   1 |  217.0 |
       Dungeon |    217 |    217 |      0 |      0 |     70 |   1 |  217.0 |
               +--------+--------+--------+--------+--------+-----+--------+

Top non-repeatable levels by time:
       D: 217 daAuts
